AoeStats
← 从不压堡之人

MegaRandom

509629369Analyzed
4v4 RM · 5d ago on Sep 27, 2026· 24m 14s· 8 players
Game mode
Random Map
Map size
Large (8 player)
Population
200
Speed
Normal
Resources
Standard
Victory
Conquest
Starting age
Dark Age
Ending age
Imperial Age
RankedLock teamsTeams togetherTeam positionsShared explorationLock speedFull tech treeHidden civsTurbo modeCheats
Victory
Defeat
🇨🇳 Spanish · China
1030
+14
1027
+15
993
+16
🇨🇳 Huns · China
1022
-16
🇨🇭 Bengalis · Switzerland
1008
-15
🇷🇺 Berbers · Russia
991
-15
🇮🇳 Maya · India
963
-13
Pp
1:13 Loom
12:00 Feudal Age
12:32 Double-Bit Axe
12:30 Horse Collar
20:09 Castle Age
shamannking1993
14:40 Feudal Age
13:34 Loom
15:56 Wheelbarrow
15:11 Double-Bit Axe
15:10 Horse Collar
21:43 Castle Age
20:35 Fletching
20:46 Padded Archer Armor
20:17 Man-at-Arms
22:33 Bodkin Arrow
22:54 Leather Archer Armor
ALDANDRONAN
1:34 Loom
11:46 Feudal Age
12:36 Town Watch
17:27 Fletching
22:54 Castle Age
22:41 Double-Bit Axe
22:55 Horse Collar
钢的根
11:55 Feudal Age
14:04 Double-Bit Axe
17:18 Castle Age
16:10 Horse Collar
17:01 Forging
洗心革面重新做人TownYan
0:28 Loom
10:37 Feudal Age
11:58 Double-Bit Axe
14:30 Castle Age
13:31 Horse Collar
17:17 Wheelbarrow
22:40 Hand Cart
23:33 Gold Mining
从不压堡之人
1:42 Loom
2:26 Loom
11:00 Feudal Age
14:41 Castle Age
13:19 Loom
17:22 Wheelbarrow
16:53 Double-Bit Axe
24:44 Fletching
我说狂阿七比肥龙强,B站关注狂阿七谢谢喵
9:50 Feudal Age
13:41 Castle Age
12:22 Double-Bit Axe
12:43 Horse Collar
21:47 Wheelbarrow
22:31 Bow Saw
24:17 Hand Cart
我怕你审判长?
11:38 Feudal Age
13:21 Loom
16:01 Castle Age
14:25 Fletching
15:27 Padded Archer Armor
15:34 Double-Bit Axe
16:03 Horse Collar
21:06 Bodkin Arrow
Connection lost

Rejoining the realm…

Still unreachable

The connection could not be restored.

Session expired

The server has moved on; the page needs a fresh start.